Flames vs Wild
Created - 4 décembre 2014 at 19:43
Goals
|
| Flames |
1 |
3 |
1 |
5 |
| Wild |
0 |
1 |
2 |
3 |
|
Shots
|
| Flames |
10 |
6 |
15 |
31 |
| Wild |
10 |
13 |
14 |
37 |
|
1st period
1. Flames , Alexander Semin 20 (Eric Staal, Filip Kuba) at 15:11
Penalties :
Vaclav Prospal (Min) for Holding (Minor) at 5:23, Jordin Tootoo (Cal) for Roughing (Minor) at 9:56, Matt Moulson (Min) for Holding (Minor) at 17:09
2nd period
2. Flames , Steve Eminger 6 (David Backes, Erik Johnson) at 8:49
3. Wild , Daniel Briere 14 (Chris Drury) at 10:01
4. Flames , David Backes 14 (Eric Staal, Alexander Semin) at 10:05
5. Flames , David Backes 15 (Unassisted) at 10:40
Penalties :
Glen Metropolit (Min) for Interference (Minor) at 2:28, Steve Eminger (Cal) for Hooking (Minor) at 6:17, Erik Johnson (Cal) for Tripping (Minor) at 10:55
3rd period
6. Flames , Alexander Semin 21 (Eric Staal, Filip Kuba) at 3:13 (PP)
7. Wild , Daniel Briere 15 (R.J. Umberger) at 6:17
8. Wild , Cody McLeod 2 (Chris Neil, Rich Peverley) at 14:07
Penalties :
Mark Eaton (Min) for Hooking (Minor) at 2:38, R.J. Umberger (Min) for Holding (Minor) at 6:52, Filip Kuba (Cal) for High sticking (Minor) at 11:00, Glen Metropolit (Min) for Tripping (Minor) at 16:38
Goalie Stats
Pekka Rinne (Cal), 34 saves from 37 shots - (0,919), W, 13-8-3, 60:00 minutes
Martin Brodeur (Min), 26 saves from 31 shots - (0,839), L, 15-12-1, 60:00 minutes
Players Stats for Flames
Player Name G A P +/- PIM S H SB GA TA FO MP PP MP PK MP
------------------------------------------------------------------------------------
Alexander Semin 2 1 3 2 0 3 1 0 1 0 3/5 23:33 5:09 2:04
Craig Adams 0 0 0 0 0 0 2 1 1 0 0/0 5:17 0:00 2:09
David Backes 2 1 3 2 0 2 2 0 1 0 0/0 23:19 5:09 2:24
Derek Meech 0 0 0 1 0 0 0 2 0 0 0/0 13:25 0:00 3:24
Eric Staal 0 3 3 0 0 7 4 0 1 0 15/37 22:37 5:09 2:36
Erik Johnson 0 1 1 2 2 1 0 1 0 2 0/0 21:55 5:59 3:03
Filip Kuba 0 2 2 -1 2 3 1 4 1 0 0/0 25:27 5:59 1:45
Jordin Tootoo 0 0 0 -1 2 1 0 0 0 0 0/1 13:28 0:00 0:00
Marcel Goc 0 0 0 0 0 1 0 0 2 0 3/7 9:48 0:00 0:16
Mark Bell 0 0 0 0 0 0 1 0 0 0 0/0 14:50 5:19 0:16
Michal Handzus 0 0 0 0 0 1 1 0 1 0 6/19 19:24 5:21 4:29
Mike Leclerc 0 0 0 -1 0 0 0 0 0 0 0/0 9:06 0:02 1:38
Mikhail Grabovski 0 0 0 -1 0 0 1 0 0 0 2/4 7:20 0:00 0:00
Milan Hejduk 0 0 0 0 0 1 3 0 0 0 0/0 13:26 5:21 0:00
Ron Hainsey 0 0 0 0 0 1 3 1 0 0 0/0 17:58 4:31 4:32
Steve Eminger 1 0 1 0 2 6 1 0 0 1 0/0 23:06 0:00 3:08
Steve Regier 0 0 0 0 0 2 0 0 1 0 0/1 9:16 0:00 0:00
Tomas Kaberle 0 0 0 1 0 2 1 1 0 0 0/0 18:44 4:31 0:00
Players Stats for Wild
Player Name G A P +/- PIM S H SB GA TA FO MP PP MP PK MP
------------------------------------------------------------------------------------
Alexei Kovalev 0 0 0 -2 0 6 3 0 0 1 0/0 13:48 3:17 0:14
Anson Carter 0 0 0 0 0 0 2 0 0 0 0/0 9:52 0:00 0:00
Chris Drury 0 1 1 1 0 2 2 1 0 0 19/34 23:42 4:39 2:52
Chris Neil 0 1 1 0 0 3 1 0 0 0 0/0 7:17 0:00 2:23
Cody McLeod 1 0 1 0 0 1 0 0 0 0 0/0 8:00 0:00 2:42
Daniel Briere 2 0 2 1 0 5 0 0 1 1 4/5 20:42 4:39 0:00
Fedor Tyutin 0 0 0 0 0 4 2 2 0 0 0/0 24:02 4:56 0:08
Fredrik Modin 0 0 0 0 0 4 1 0 0 2 1/2 12:25 0:00 2:29
Glen Metropolit 0 0 0 0 4 1 2 0 0 0 8/12 13:36 0:00 3:23
Greg Zanon 0 0 0 -1 0 0 1 1 0 2 0/0 21:39 3:00 6:15
Mark Eaton 0 0 0 -1 2 1 2 1 0 0 0/0 21:47 3:00 6:23
Matt Moulson 0 0 0 -2 2 2 0 0 1 2 0/1 13:34 3:17 0:00
Mike Green 0 0 0 0 0 1 0 4 0 0 0/0 23:53 4:56 0:00
Nate Guenin 0 0 0 0 0 1 1 1 0 1 0/0 14:19 0:00 4:07
R.J. Umberger 0 1 1 1 2 1 3 0 0 0 1/4 21:05 4:39 0:00
Rich Peverley 0 1 1 0 0 2 0 1 1 0 3/3 10:09 0:00 5:19
Shane Hnidy 0 0 0 0 0 0 0 0 0 0 0/0 14:19 0:00 4:07
Vaclav Prospal 0 0 0 -2 2 3 1 1 0 0 9/13 15:15 3:17 1:38
3 Stars
1 - David Backes (Cal)
2 - Alexander Semin (Cal)
3 - Daniel Briere (Min)
Power Play
Flames - 1 on 6 Attempt(s) - 16,67%
Wild - 0 on 5 Attempt(s) - 0,00%
Penalty Kill
Flames - 5 on 5 Attempt(s) - 100,00%
- Score 0 goal in Penalty Kill
Wild - 5 on 6 Attempt(s) - 83,33%
- Score 0 goal in Penalty Kill
Official
Referees : Kimmerly Greg and Kozari Steve
Linesman : Mark Shewchyk and Derek Amell
Game Notes
Craig Adams is injured at 9:55 of 2nd period (Bruised Left Arm)
10:40 of 2nd period - Penalty Shot by David Backes for Flames - Goal!
13:12 of 2nd period - Wild goal is going for a video replay. After video review, No Goal. The puck has been directed, batted or thrown into the net by an attacking player other than with a stick.
Finance
Level 1 -- Attendance: 3845 (64,08%) -- Ticket Income 480 625 $
Level 2 -- Attendance: 3014 (60,28%) -- Ticket Income 226 050 $
Level 3 -- Attendance: 1005 (50,25%) -- Ticket Income 50 250 $
Level 4 -- Attendance: 1690 (42,25%) -- Ticket Income 67 600 $
Luxury Box -- Attendance: 693 (69,30%) -- Ticket Income 155 925 $
Game was played at the Forest Center
Total Attendance: 10247 (56,93%)
Total Ticket Income: 980 450 $
Other Income: 147 068 $
Total Income: 1 127 518 $
Flames
5 vs 5 Forward
Center Left Wing Right Wing Time % Phy DF OF
1 Eric Staal Alexander Semin David Backes 40 1 2 2
2 Michal Handzus Mark Bell Jordin Tootoo 30 1 2 2
3 Marcel Goc Steve Regier Milan Hejduk 20 1 2 2
4 Mikhail Grabovski Mike Leclerc Craig Adams 10 1 2 2
5 vs 5 Defense
Defense Defense Time % Phy DF OF
1 Filip Kuba Steve Eminger 40 1 2 2
2 Tomas Kaberle Erik Johnson 30 1 2 2
3 Derek Meech Ron Hainsey 20 1 2 2
4 Tomas Kaberle Steve Eminger 10 1 2 2
PowerPlay Forward
Center Left Wing Right Wing Time % Phy DF OF
1 Eric Staal Alexander Semin David Backes 60 1 2 2
2 Michal Handzus Mark Bell Milan Hejduk 40 1 2 2
PowerPlay Defense
Defense Defense Time % Phy DF OF
1 Filip Kuba Erik Johnson 60 1 2 2
2 Tomas Kaberle Ron Hainsey 40 1 2 2
Penalty Kill 4 Players Forward
Center Wing Time % Phy DF OF
1 Michal Handzus Craig Adams 60 1 3 1
2 Eric Staal Mike Leclerc 40 1 3 1
Penalty Kill 4 Players Defense
Defense Defense Time % Phy DF OF
1 Ron Hainsey Steve Eminger 60 1 3 1
2 Derek Meech Erik Johnson 40 1 3 1
Penalty Kill - 3 Players Forward
Forward Time % Phy DF OF
1 Eric Staal 60 1 4 0
2 Mike Leclerc 40 1 4 0
Penalty Kill - 3 Players Defense
Defense Defense Time % Phy DF OF
1 Ron Hainsey Steve Eminger 60 1 4 0
2 Filip Kuba Erik Johnson 40 1 4 0
4 vs 4 Forward
Center Wing Time % Phy DF OF
1 Eric Staal Alexander Semin 60 1 2 2
2 Michal Handzus David Backes 40 1 2 2
4 vs 4 Defense
Defense Defense Time % Phy DF OF
1 Filip Kuba Steve Eminger 60 1 2 2
2 Tomas Kaberle Erik Johnson 40 1 2 2
Last Minutes Offensive
Center Left Wing Right Wing Defense Defense
Eric Staal Alexander Semin David Backes Filip Kuba Steve Eminger
Last Minutes Defensive
Center Left Wing Right Wing Defense Defense
Eric Staal Alexander Semin David Backes Filip Kuba Steve Eminger
Goaltenders
Starting : Pekka Rinne
Backup : Craig Anderson
Extra Forwards
Normal : Alexander Semin, Jordin Tootoo, Michal Handzus - PP : Mark Bell, Milan Hejduk - PK : David Backes
Extra Defensemen
Normal : Erik Johnson, Tomas Kaberle, Derek Meech - PP : Tomas Kaberle - PK : Erik Johnson, Filip Kuba
Penalty Shots
Alexander Semin, Eric Staal, David Backes, Milan Hejduk, Mark Bell
Wild
5 vs 5 Forward
Center Left Wing Right Wing Time % Phy DF OF
1 Chris Drury R.J. Umberger Daniel Briere 40 0 1 4
2 Vaclav Prospal Matt Moulson Alexei Kovalev 30 1 0 4
3 Glen Metropolit Fredrik Modin Anson Carter 20 1 1 3
4 Rich Peverley Cody McLeod Chris Neil 10 2 2 1
5 vs 5 Defense
Defense Defense Time % Phy DF OF
1 Mike Green Fedor Tyutin 40 1 1 3
2 Mark Eaton Greg Zanon 30 2 2 1
3 Shane Hnidy Nate Guenin 20 2 2 1
4 Mike Green Fedor Tyutin 10 2 2 1
PowerPlay Forward
Center Left Wing Right Wing Time % Phy DF OF
1 Chris Drury R.J. Umberger Daniel Briere 60 0 0 5
2 Vaclav Prospal Matt Moulson Alexei Kovalev 40 0 0 5
PowerPlay Defense
Defense Defense Time % Phy DF OF
1 Mike Green Fedor Tyutin 60 1 2 2
2 Mark Eaton Greg Zanon 40 1 2 2
Penalty Kill 4 Players Forward
Center Wing Time % Phy DF OF
1 Glen Metropolit Rich Peverley 60 2 3 0
2 Fredrik Modin Chris Neil 40 2 3 0
Penalty Kill 4 Players Defense
Defense Defense Time % Phy DF OF
1 Greg Zanon Mark Eaton 60 1 2 2
2 Nate Guenin Shane Hnidy 40 1 2 2
Penalty Kill - 3 Players Forward
Forward Time % Phy DF OF
1 Glen Metropolit 60 1 4 0
2 Fredrik Modin 40 1 4 0
Penalty Kill - 3 Players Defense
Defense Defense Time % Phy DF OF
1 Greg Zanon Mark Eaton 60 2 3 0
2 Nate Guenin Shane Hnidy 40 2 3 0
4 vs 4 Forward
Center Wing Time % Phy DF OF
1 Daniel Briere Chris Drury 60 1 1 3
2 R.J. Umberger Vaclav Prospal 40 1 1 3
4 vs 4 Defense
Defense Defense Time % Phy DF OF
1 Mike Green Fedor Tyutin 60 1 2 2
2 Mark Eaton Greg Zanon 40 1 2 2
Last Minutes Offensive
Center Left Wing Right Wing Defense Defense
Chris Drury R.J. Umberger Daniel Briere Mike Green Fedor Tyutin
Last Minutes Defensive
Center Left Wing Right Wing Defense Defense
Glen Metropolit Fredrik Modin Chris Neil Greg Zanon Mark Eaton
Goaltenders
Starting : Martin Brodeur
Backup : Julien Ellis
Extra Forwards
Normal : Daniel Briere, Chris Drury, Alexei Kovalev - PP : Daniel Briere, Chris Drury - PK : Glen Metropolit
Extra Defensemen
Normal : Mike Green, Fedor Tyutin, Nate Guenin - PP : Mike Green - PK : Fedor Tyutin, Mark Eaton
Penalty Shots
Daniel Briere, Chris Drury, R.J. Umberger, Vaclav Prospal, Alexei Kovalev
% Time on Ice - Flames
Lines # - Real PCT - Wanted PCT - Time Play
Normal Forward
1 - 38% - 40% - 15:54
2 - 22% - 30% - 9:04
3 - 22% - 20% - 9:16
4 - 18% - 10% - 7:20
Normal Defense
1 - 43% - 40% - 17:56
2 - 31% - 30% - 12:43
3 - 20% - 20% - 8:26
4 - 6% - 10% - 2:29
PP Forward
1 - 49% - 60% - 5:09
2 - 51% - 40% - 5:21
PP Defense
1 - 57% - 60% - 5:59
2 - 43% - 40% - 4:31
PK Forward
1 - 79% - 60% - 6:18
2 - 21% - 40% - 1:38
PK Defense
1 - 57% - 60% - 4:32
2 - 43% - 40% - 3:24
PK3 Forward
1 - 0% - 60%
2 - 0% - 40%
PK3 Defense
1 - 0% - 60%
2 - 0% - 40%
44 Forward
1 - 0% - 60%
2 - 0% - 40%
44 Defense
1 - 0% - 60%
2 - 0% - 40%
Last Minute Offensive - 0:00
Last Minute Defensive - 0:00
Total
Forward - 60:00
Defense - 60:00
|
% Time on Ice - Wild
Lines # - Real PCT - Wanted PCT - Time Play
Normal Forward
1 - 40% - 40% - 16:31
2 - 25% - 30% - 10:21
3 - 24% - 20% - 9:52
4 - 12% - 10% - 4:50
Normal Defense
1 - 45% - 40% - 18:42
2 - 29% - 30% - 12:02
3 - 24% - 20% - 9:55
4 - 2% - 10% - 0:55
PP Forward
1 - 59% - 60% - 4:39
2 - 41% - 40% - 3:17
PP Defense
1 - 62% - 60% - 4:56
2 - 38% - 40% - 3:00
PK Forward
1 - 77% - 60% - 8:07
2 - 23% - 40% - 2:23
PK Defense
1 - 61% - 60% - 6:23
2 - 39% - 40% - 4:07
PK3 Forward
1 - 0% - 60%
2 - 0% - 40%
PK3 Defense
1 - 0% - 60%
2 - 0% - 40%
44 Forward
1 - 0% - 60%
2 - 0% - 40%
44 Defense
1 - 0% - 60%
2 - 0% - 40%
Last Minute Offensive - 0:00
Last Minute Defensive - 0:00
Total
Forward - 60:00
Defense - 60:00
|
Play by Play
1st period
0:01 of 1st period - Eric Staal wins face-off versus Chris Drury in neutral zone.
0:12 of 1st period - Wrist shot by R.J. Umberger.
0:12 of 1st period - Shot Blocked by Filip Kuba.
0:26 of 1st period - Steve Eminger is hit by Fedor Tyutin.
0:46 of 1st period - Erik Johnson is hit by Mark Eaton and loses puck.
1:13 of 1st period - Milan Hejduk is hit by Fredrik Modin and loses puck.
1:19 of 1st period - Off-side.
1:20 of 1st period - Eric Staal wins face-off versus R.J. Umberger in neutral zone.
1:50 of 1st period - Wrist shot by Matt Moulson.
1:50 of 1st period - Stopped by Pekka Rinne without a rebound.
1:51 of 1st period - Vaclav Prospal wins face-off versus Marcel Goc in Flames zone.
2:24 of 1st period - Off-side.
2:25 of 1st period - Mikhail Grabovski wins face-off versus Glen Metropolit in neutral zone.
3:32 of 1st period - Slapshot by Mike Green.
3:32 of 1st period - Stopped by Pekka Rinne with a rebound.
3:45 of 1st period - Icing by Mike Green.
3:46 of 1st period - Rich Peverley wins face-off versus Eric Staal in Wild zone.
4:01 of 1st period - Wrist shot by Eric Staal.
4:01 of 1st period - Shot Misses the Net.
4:13 of 1st period - Chris Drury is hit by Ron Hainsey and loses puck.
4:29 of 1st period - Icing by R.J. Umberger.
4:30 of 1st period - Glen Metropolit wins face-off versus Steve Regier in Wild zone.
4:35 of 1st period - Slapshot by Fedor Tyutin.
4:35 of 1st period - Stopped by Pekka Rinne with a rebound.
4:37 of 1st period - Wrist shot by Glen Metropolit.
4:37 of 1st period - Shot Blocked by Filip Kuba.
4:39 of 1st period - Snap shot by Glen Metropolit.
4:39 of 1st period - Stopped by Pekka Rinne with a rebound.
4:41 of 1st period - Backhand shot by Fedor Tyutin.
4:41 of 1st period - Stopped by Pekka Rinne without a rebound.
4:42 of 1st period - Eric Staal wins face-off versus Chris Drury in Flames zone.
5:12 of 1st period - Slapshot by Tomas Kaberle.
5:12 of 1st period - Stopped by Martin Brodeur without a rebound.
5:13 of 1st period - Eric Staal wins face-off versus Vaclav Prospal in Wild zone.
5:18 of 1st period - Wrist shot by Eric Staal.
5:18 of 1st period - Shot Blocked by Vaclav Prospal.
5:20 of 1st period - Snap shot by Eric Staal.
5:20 of 1st period - Deflect By Alexander Semin.
5:20 of 1st period - Shot Misses the Net.
5:20 of 1st period - Puck is out of play.
5:21 of 1st period - Vaclav Prospal wins face-off versus Eric Staal in Wild zone.
5:23 of 1st period - Minor Penalty to Vaclav Prospal for Holding.
5:24 of 1st period - Glen Metropolit wins face-off versus Eric Staal in Wild zone.
5:38 of 1st period - Snap shot by Glen Metropolit.
5:38 of 1st period - Shot Misses the Net.
5:54 of 1st period - Wrist shot by Mark Bell.
5:54 of 1st period - Shot Misses the Net.
7:13 of 1st period - Mark Eaton is hit by Milan Hejduk and loses puck.
7:23 of 1st period - Penalty to Vaclav Prospal is over, Vaclav Prospal is back on ice.
7:49 of 1st period - Wrist shot by Jordin Tootoo.
7:49 of 1st period - Shot Blocked by Fedor Tyutin.
7:55 of 1st period - Snap shot by Marcel Goc.
7:55 of 1st period - Shot Misses the Net.
7:57 of 1st period - Slapshot by Steve Eminger.
7:57 of 1st period - Stopped by Martin Brodeur with a rebound.
7:59 of 1st period - Slapshot by Steve Eminger.
7:59 of 1st period - Stopped by Martin Brodeur without a rebound.
8:00 of 1st period - Mikhail Grabovski wins face-off versus Chris Drury in Wild zone.
8:05 of 1st period - Wrist shot by Mikhail Grabovski.
8:05 of 1st period - Shot Misses the Net.
8:15 of 1st period - Shane Hnidy is hit by Mikhail Grabovski and loses puck.
8:32 of 1st period - Wrist shot by Mark Bell.
8:32 of 1st period - Shot Blocked by Fedor Tyutin.
8:52 of 1st period - Snap shot by Marcel Goc.
8:52 of 1st period - Stopped by Martin Brodeur with a rebound.
8:54 of 1st period - Wrist shot by Milan Hejduk.
8:54 of 1st period - Shot Misses the Net.
8:56 of 1st period - Slapshot by Milan Hejduk.
8:56 of 1st period - Stopped by Martin Brodeur without a rebound.
8:57 of 1st period - Marcel Goc wins face-off versus Chris Drury in Wild zone.
9:06 of 1st period - Wrist shot by Milan Hejduk.
9:06 of 1st period - Shot Misses the Net.
9:32 of 1st period - Off-side.
9:33 of 1st period - Daniel Briere wins face-off versus Michal Handzus in neutral zone.
9:35 of 1st period - Off-side.
9:36 of 1st period - Chris Drury wins face-off versus Jordin Tootoo in neutral zone.
9:56 of 1st period - Minor Penalty to Jordin Tootoo for Roughing.
9:57 of 1st period - Michal Handzus wins face-off versus Chris Drury in Flames zone.
10:09 of 1st period - Slapshot by Michal Handzus.
10:09 of 1st period - Shot Misses the Net.
10:26 of 1st period - Icing by Mike Green.
10:27 of 1st period - Vaclav Prospal wins face-off versus Michal Handzus in Wild zone.
10:42 of 1st period - Erik Johnson is hit by Chris Drury and loses puck.
11:51 of 1st period - Icing by R.J. Umberger.
11:52 of 1st period - Eric Staal wins face-off versus R.J. Umberger in Wild zone.
11:56 of 1st period - Penalty to Jordin Tootoo is over, Jordin Tootoo is back on ice.
12:55 of 1st period - Snap shot by Marcel Goc.
12:55 of 1st period - Shot Blocked by Nate Guenin.
13:16 of 1st period - Mark Eaton is hit by Eric Staal and loses puck.
13:21 of 1st period - Snap shot by Eric Staal.
13:21 of 1st period - Stopped by Martin Brodeur without a rebound.
13:22 of 1st period - Daniel Briere wins face-off versus Eric Staal in Wild zone.
13:49 of 1st period - Derek Meech is hit by Alexei Kovalev and loses puck.
14:12 of 1st period - Snap shot by Fredrik Modin.
14:12 of 1st period - Stopped by Pekka Rinne without a rebound.
14:13 of 1st period - Chris Drury wins face-off versus Michal Handzus in Flames zone.
14:46 of 1st period - Michal Handzus is hit by Glen Metropolit and loses puck.
15:09 of 1st period - Wrist shot by Alexander Semin.
15:09 of 1st period - Shot Misses the Net.
15:11 of 1st period - Snap shot by Alexander Semin.
15:11 of 1st period - Goal by Alexander Semin - Flames : 1 - Wild : 0.
15:12 of 1st period - Eric Staal wins face-off versus Chris Drury in neutral zone.
15:25 of 1st period - Snap shot by Eric Staal.
15:25 of 1st period - Stopped by Martin Brodeur with a rebound.
15:27 of 1st period - Snap shot by Eric Staal.
15:27 of 1st period - Stopped by Martin Brodeur with a rebound.
15:37 of 1st period - Tomas Kaberle is hit by Alexei Kovalev and loses puck.
16:31 of 1st period - Snap shot by Rich Peverley.
16:31 of 1st period - Stopped by Pekka Rinne with a rebound.
17:07 of 1st period - Snap shot by Michal Handzus.
17:07 of 1st period - Shot Misses the Net.
17:09 of 1st period - Minor Penalty to Matt Moulson for Holding.
17:10 of 1st period - Glen Metropolit wins face-off versus Eric Staal in Wild zone.
17:27 of 1st period - Greg Zanon is hit by David Backes and loses puck.
17:44 of 1st period - Snap shot by Fredrik Modin.
17:44 of 1st period - Stopped by Pekka Rinne without a rebound.
17:45 of 1st period - Fredrik Modin wins face-off versus Michal Handzus in Flames zone.
18:05 of 1st period - Icing by Tomas Kaberle.
18:06 of 1st period - Glen Metropolit wins face-off versus Michal Handzus in Flames zone.
18:46 of 1st period - Off-side.
18:47 of 1st period - Eric Staal wins face-off versus Fredrik Modin in neutral zone.
18:50 of 1st period - Nate Guenin is hit by David Backes and loses puck.
19:03 of 1st period - Slapshot by Eric Staal.
19:03 of 1st period - Shot Misses the Net.
19:09 of 1st period - Penalty to Matt Moulson is over, Matt Moulson is back on ice.
19:25 of 1st period - Backhand shot by Daniel Briere.
19:25 of 1st period - Stopped by Pekka Rinne without a rebound.
19:26 of 1st period - Vaclav Prospal wins face-off versus Alexander Semin in Flames zone.
19:33 of 1st period - Snap shot by Alexei Kovalev.
19:33 of 1st period - Stopped by Pekka Rinne without a rebound.
19:34 of 1st period - Eric Staal wins face-off versus Matt Moulson in Flames zone.
19:59 of 1st period - Snap shot by Michal Handzus.
19:59 of 1st period - Stopped by Martin Brodeur with a rebound.
Goals for this period are 1 for Flames vs 0 for Wild.
Shots for this period are 10 for Flames vs 10 for Wild.
2nd period
0:01 of 2nd period - Chris Drury wins face-off versus Eric Staal in neutral zone.
0:12 of 2nd period - Snap shot by Daniel Briere.
0:12 of 2nd period - Stopped by Pekka Rinne with a rebound.
1:11 of 2nd period - Wrist shot by Chris Neil.
1:11 of 2nd period - Stopped by Pekka Rinne with a rebound.
1:24 of 2nd period - Icing by Fedor Tyutin.
1:25 of 2nd period - Eric Staal wins face-off versus Chris Drury in Wild zone.
2:18 of 2nd period - Wrist shot by Milan Hejduk.
2:18 of 2nd period - Shot Misses the Net.
2:20 of 2nd period - Backhand shot by Steve Eminger.
2:20 of 2nd period - Stopped by Martin Brodeur with a rebound.
2:28 of 2nd period - Minor Penalty to Glen Metropolit for Interference.
2:29 of 2nd period - Chris Drury wins face-off versus Eric Staal in Wild zone.
2:44 of 2nd period - Rich Peverley is hit by Ron Hainsey and loses puck.
3:18 of 2nd period - Vaclav Prospal is hit by Michal Handzus and loses puck.
4:28 of 2nd period - Penalty to Glen Metropolit is over, Glen Metropolit is back on ice.
4:35 of 2nd period - Fredrik Modin is hit by Craig Adams and loses puck.
4:42 of 2nd period - Fedor Tyutin is hit by Craig Adams and loses puck.
5:09 of 2nd period - Slapshot by Daniel Briere.
5:09 of 2nd period - Shot Hit the Post.
5:21 of 2nd period - Wrist shot by Vaclav Prospal.
5:21 of 2nd period - Deflect By Alexei Kovalev.
5:21 of 2nd period - Shot Blocked by Tomas Kaberle.
5:21 of 2nd period - Puck is out of play.
5:22 of 2nd period - Vaclav Prospal wins face-off versus Marcel Goc in Flames zone.
5:23 of 2nd period - Slapshot by Matt Moulson.
5:23 of 2nd period - Shot Blocked by Ron Hainsey.
6:17 of 2nd period - Minor Penalty to Steve Eminger for Hooking.
6:18 of 2nd period - Chris Drury wins face-off versus Michal Handzus in Flames zone.
6:51 of 2nd period - Snap shot by Vaclav Prospal.
6:51 of 2nd period - Stopped by Pekka Rinne without a rebound.
6:52 of 2nd period - Eric Staal wins face-off versus Chris Drury in Flames zone.
6:52 of 2nd period - Eric Staal is hit by Greg Zanon.
7:18 of 2nd period - Alexei Kovalev is hit by Eric Staal and loses puck.
8:17 of 2nd period - Penalty to Steve Eminger is over, Steve Eminger is back on ice.
8:22 of 2nd period - Derek Meech is hit by Glen Metropolit and loses puck.
8:47 of 2nd period - Wrist shot by David Backes.
8:47 of 2nd period - Shot Misses the Net.
8:49 of 2nd period - Snap shot by Steve Eminger.
8:49 of 2nd period - Goal by Steve Eminger - Flames : 2 - Wild : 0.
8:50 of 2nd period - Chris Drury wins face-off versus Michal Handzus in neutral zone.
9:55 of 2nd period - Wrist shot by R.J. Umberger.
9:55 of 2nd period - Shot Blocked by Craig Adams.
9:55 of 2nd period - Craig Adams from Flames is injured at 9:55 of 2nd period (Bruised Left Arm).
9:56 of 2nd period - Chris Drury wins face-off versus Eric Staal in Flames zone.
10:01 of 2nd period - Wrist shot by Daniel Briere.
10:01 of 2nd period - Goal by Daniel Briere - Flames : 2 - Wild : 1.
10:02 of 2nd period - Alexander Semin wins face-off versus Chris Drury in neutral zone.
10:05 of 2nd period - Wrist shot by David Backes.
10:05 of 2nd period - Goal by David Backes - Flames : 3 - Wild : 1.
10:06 of 2nd period - Chris Drury wins face-off versus Eric Staal in neutral zone.
10:09 of 2nd period - Wrist shot by Daniel Briere.
10:09 of 2nd period - Stopped by Pekka Rinne with a rebound.
10:31 of 2nd period - Steve Eminger is hit by Alexei Kovalev.
10:35 of 2nd period - Wrist shot by Alexei Kovalev.
10:35 of 2nd period - Stopped by Pekka Rinne without a rebound.
10:36 of 2nd period - Vaclav Prospal wins face-off versus Eric Staal in Flames zone.
10:37 of 2nd period - Wrist shot by Alexei Kovalev.
10:37 of 2nd period - Deflect By Eric Staal.
10:37 of 2nd period - Shot Misses the Net.
10:37 of 2nd period - Puck is out of play.
10:38 of 2nd period - Eric Staal wins face-off versus Vaclav Prospal in Flames zone.
10:40 of 2nd period - Penalty Shot by David Backes for Flames.
10:40 of 2nd period - Snap shot by David Backes.
10:40 of 2nd period - Goal by David Backes - Flames : 4 - Wild : 1.
10:41 of 2nd period - Chris Drury wins face-off versus Eric Staal in neutral zone.
10:42 of 2nd period - Chris Drury wins face-off versus Eric Staal in Flames zone.
10:52 of 2nd period - Slapshot by Chris Drury.
10:52 of 2nd period - Stopped by Pekka Rinne without a rebound.
10:53 of 2nd period - Chris Drury wins face-off versus Alexander Semin in Flames zone.
10:55 of 2nd period - Minor Penalty to Erik Johnson for Tripping.
10:56 of 2nd period - Chris Drury wins face-off versus Michal Handzus in Flames zone.
11:04 of 2nd period - Snap shot by R.J. Umberger.
11:04 of 2nd period - Stopped by Pekka Rinne without a rebound.
11:05 of 2nd period - Chris Drury wins face-off versus Michal Handzus in Flames zone.
12:04 of 2nd period - Snap shot by R.J. Umberger.
12:04 of 2nd period - Shot Misses the Net.
12:06 of 2nd period - Slapshot by Fedor Tyutin.
12:06 of 2nd period - Shot Blocked by Derek Meech.
12:08 of 2nd period - Slapshot by Fedor Tyutin.
12:08 of 2nd period - Shot Misses the Net.
12:10 of 2nd period - Slapshot by Fedor Tyutin.
12:10 of 2nd period - Shot Blocked by Derek Meech.
12:12 of 2nd period - Slapshot by Fedor Tyutin.
12:12 of 2nd period - Stopped by Pekka Rinne without a rebound.
12:13 of 2nd period - Michal Handzus wins face-off versus Vaclav Prospal in Flames zone.
12:28 of 2nd period - Snap shot by Matt Moulson.
12:28 of 2nd period - Shot Misses the Net.
12:55 of 2nd period - Penalty to Erik Johnson is over, Erik Johnson is back on ice.
13:05 of 2nd period - Erik Johnson is hit by Mark Eaton and loses puck.
13:10 of 2nd period - Wrist shot by Fredrik Modin.
13:10 of 2nd period - Stopped by Pekka Rinne with a rebound.
13:12 of 2nd period - Wrist shot by Fredrik Modin.
13:12 of 2nd period - Wild goal is going for a video replay.
13:12 of 2nd period - The goal is refused. The puck has been directed, batted or thrown into the net by an attacking player other than with a stick..
13:13 of 2nd period - Rich Peverley wins face-off versus Eric Staal in Flames zone.
13:22 of 2nd period - Shane Hnidy is hit by Eric Staal and loses puck.
13:28 of 2nd period - Shane Hnidy is hit by Tomas Kaberle and loses puck.
14:04 of 2nd period - Michal Handzus is hit by R.J. Umberger and loses puck.
14:19 of 2nd period - Filip Kuba is hit by Fedor Tyutin.
14:38 of 2nd period - Rich Peverley is hit by Filip Kuba and loses puck.
14:53 of 2nd period - Alexander Semin is hit by Anson Carter and loses puck.
15:06 of 2nd period - Greg Zanon is hit by Alexander Semin and loses puck.
15:25 of 2nd period - Snap shot by Vaclav Prospal.
15:25 of 2nd period - Shot Misses the Net.
15:27 of 2nd period - Snap shot by Alexei Kovalev.
15:27 of 2nd period - Stopped by Pekka Rinne with a rebound.
15:44 of 2nd period - Filip Kuba is hit by R.J. Umberger and loses puck.
16:07 of 2nd period - Snap shot by Steve Regier.
16:07 of 2nd period - Stopped by Martin Brodeur without a rebound.
16:08 of 2nd period - Michal Handzus wins face-off versus Chris Drury in Wild zone.
17:10 of 2nd period - Alexander Semin is hit by Anson Carter and loses puck.
17:24 of 2nd period - Off-side.
17:25 of 2nd period - Rich Peverley wins face-off versus Mikhail Grabovski in neutral zone.
17:36 of 2nd period - Slapshot by Mikhail Grabovski.
17:36 of 2nd period - Shot Misses the Net.
17:40 of 2nd period - Slapshot by Jordin Tootoo.
17:40 of 2nd period - Stopped by Martin Brodeur with a rebound.
18:15 of 2nd period - Alexei Kovalev is hit by Steve Eminger and loses puck.
18:34 of 2nd period - Steve Eminger is hit by Nate Guenin and loses puck.
19:17 of 2nd period - Daniel Briere is hit by Milan Hejduk and loses puck.
19:34 of 2nd period - Backhand shot by Alexei Kovalev.
19:34 of 2nd period - Shot Blocked by Erik Johnson.
19:36 of 2nd period - Slapshot by Nate Guenin.
19:36 of 2nd period - Stopped by Pekka Rinne without a rebound.
19:37 of 2nd period - Chris Drury wins face-off versus Eric Staal in Flames zone.
19:50 of 2nd period - Wrist shot by Eric Staal.
19:50 of 2nd period - Stopped by Martin Brodeur without a rebound.
19:51 of 2nd period - Daniel Briere wins face-off versus Michal Handzus in Wild zone.
19:51 of 2nd period - Daniel Briere is hit by Mark Bell.
Goals for this period are 3 for Flames vs 1 for Wild.
Shots for this period are 6 for Flames vs 13 for Wild.
3rd period
0:01 of 3rd period - Chris Drury wins face-off versus Eric Staal in neutral zone.
0:35 of 3rd period - Glen Metropolit is hit by Eric Staal and loses puck.
1:12 of 3rd period - Snap shot by Fredrik Modin.
1:12 of 3rd period - Shot Misses the Net.
1:18 of 3rd period - Slapshot by Eric Staal.
1:18 of 3rd period - Stopped by Martin Brodeur with a rebound.
1:20 of 3rd period - Snap shot by Eric Staal.
1:20 of 3rd period - Shot Misses the Net.
1:22 of 3rd period - Slapshot by Ron Hainsey.
1:22 of 3rd period - Stopped by Martin Brodeur without a rebound.
1:23 of 3rd period - Chris Drury wins face-off versus Michal Handzus in Wild zone.
1:30 of 3rd period - Slapshot by Filip Kuba.
1:30 of 3rd period - Stopped by Martin Brodeur with a rebound.
2:38 of 3rd period - Minor Penalty to Mark Eaton for Hooking.
2:39 of 3rd period - Glen Metropolit wins face-off versus Michal Handzus in Wild zone.
3:13 of 3rd period - Slapshot by Alexander Semin.
3:13 of 3rd period - Goal by Alexander Semin - Flames : 5 - Wild : 1.
3:14 of 3rd period - Vaclav Prospal wins face-off versus Eric Staal in neutral zone.
3:36 of 3rd period - Icing by Eric Staal.
3:37 of 3rd period - Michal Handzus wins face-off versus Chris Drury in Flames zone.
4:52 of 3rd period - Wrist shot by Daniel Briere.
4:52 of 3rd period - Shot Misses the Net.
5:16 of 3rd period - Wrist shot by Eric Staal.
5:16 of 3rd period - Stopped by Martin Brodeur with a rebound.
5:30 of 3rd period - Snap shot by Alexei Kovalev.
5:30 of 3rd period - Stopped by Pekka Rinne with a rebound.
5:32 of 3rd period - Snap shot by Fedor Tyutin.
5:32 of 3rd period - Stopped by Pekka Rinne with a rebound.
5:34 of 3rd period - Snap shot by Alexei Kovalev.
5:34 of 3rd period - Stopped by Pekka Rinne without a rebound.
5:35 of 3rd period - Alexander Semin wins face-off versus Vaclav Prospal in Flames zone.
6:03 of 3rd period - Slapshot by Steve Regier.
6:03 of 3rd period - Stopped by Martin Brodeur without a rebound.
6:04 of 3rd period - Marcel Goc wins face-off versus Glen Metropolit in Wild zone.
6:11 of 3rd period - Slapshot by Mark Eaton.
6:11 of 3rd period - Shot Blocked by Filip Kuba.
6:13 of 3rd period - Backhand shot by Mark Eaton.
6:13 of 3rd period - Stopped by Pekka Rinne without a rebound.
6:14 of 3rd period - R.J. Umberger wins face-off versus Eric Staal in Flames zone.
6:15 of 3rd period - Wrist shot by Daniel Briere.
6:15 of 3rd period - Shot Blocked by Filip Kuba.
6:17 of 3rd period - Snap shot by Daniel Briere.
6:17 of 3rd period - Goal by Daniel Briere - Flames : 5 - Wild : 2.
6:18 of 3rd period - Chris Drury wins face-off versus Eric Staal in neutral zone.
6:31 of 3rd period - Wrist shot by Alexander Semin.
6:31 of 3rd period - Stopped by Martin Brodeur without a rebound.
6:32 of 3rd period - Eric Staal wins face-off versus Chris Drury in Wild zone.
6:52 of 3rd period - Minor Penalty to R.J. Umberger for Holding.
6:53 of 3rd period - Alexander Semin wins face-off versus Glen Metropolit in Wild zone.
7:08 of 3rd period - Snap shot by David Backes.
7:08 of 3rd period - Shot Blocked by Rich Peverley.
7:26 of 3rd period - Wrist shot by Michal Handzus.
7:26 of 3rd period - Shot Misses the Net.
7:28 of 3rd period - Slapshot by Michal Handzus.
7:28 of 3rd period - Shot Blocked by Mark Eaton.
7:42 of 3rd period - Rich Peverley is hit by Ron Hainsey and loses puck.
8:03 of 3rd period - Michal Handzus is hit by Chris Neil and loses puck.
8:22 of 3rd period - Eric Staal is hit by Chris Drury.
8:52 of 3rd period - Penalty to R.J. Umberger is over, R.J. Umberger is back on ice.
9:23 of 3rd period - Wrist shot by Alexei Kovalev.
9:23 of 3rd period - Stopped by Pekka Rinne with a rebound.
9:25 of 3rd period - Slapshot by Vaclav Prospal.
9:25 of 3rd period - Stopped by Pekka Rinne without a rebound.
9:26 of 3rd period - Vaclav Prospal wins face-off versus Mikhail Grabovski in Flames zone.
10:09 of 3rd period - Wrist shot by Vaclav Prospal.
10:09 of 3rd period - Stopped by Pekka Rinne without a rebound.
10:10 of 3rd period - Eric Staal wins face-off versus Chris Drury in Flames zone.
10:33 of 3rd period - Icing by Derek Meech.
10:34 of 3rd period - Glen Metropolit wins face-off versus Eric Staal in Flames zone.
10:35 of 3rd period - Wrist shot by Fredrik Modin.
10:35 of 3rd period - Deflect By Anson Carter.
10:35 of 3rd period - Shot Misses the Net.
10:35 of 3rd period - Puck is out of play.
10:36 of 3rd period - Eric Staal wins face-off versus Glen Metropolit in Flames zone.
11:00 of 3rd period - Minor Penalty to Filip Kuba for High sticking.
11:01 of 3rd period - Michal Handzus wins face-off versus Chris Drury in Flames zone.
11:14 of 3rd period - Slapshot by Chris Drury.
11:14 of 3rd period - Stopped by Pekka Rinne with a rebound.
11:36 of 3rd period - David Backes is hit by Vaclav Prospal and loses puck.
13:00 of 3rd period - Penalty to Filip Kuba is over, Filip Kuba is back on ice.
13:10 of 3rd period - Slapshot by Filip Kuba.
13:10 of 3rd period - Stopped by Martin Brodeur with a rebound.
13:57 of 3rd period - Wrist shot by Rich Peverley.
13:57 of 3rd period - Stopped by Pekka Rinne with a rebound.
13:59 of 3rd period - Wrist shot by Chris Neil.
13:59 of 3rd period - Stopped by Pekka Rinne with a rebound.
14:03 of 3rd period - Wrist shot by Rich Peverley.
14:03 of 3rd period - Shot Misses the Net.
14:05 of 3rd period - Snap shot by Chris Neil.
14:05 of 3rd period - Stopped by Pekka Rinne with a rebound.
14:07 of 3rd period - Backhand shot by Cody McLeod.
14:07 of 3rd period - Goal by Cody McLeod - Flames : 5 - Wild : 3.
14:08 of 3rd period - Chris Drury wins face-off versus Eric Staal in neutral zone.
14:11 of 3rd period - Eric Staal is hit by R.J. Umberger and loses puck.
14:20 of 3rd period - Snap shot by David Backes.
14:20 of 3rd period - Shot Blocked by Mike Green.
14:22 of 3rd period - Wrist shot by Erik Johnson.
14:22 of 3rd period - Stopped by Martin Brodeur without a rebound.
14:23 of 3rd period - Vaclav Prospal wins face-off versus Eric Staal in Wild zone.
14:33 of 3rd period - Off-side.
14:34 of 3rd period - Eric Staal wins face-off versus Chris Drury in neutral zone.
15:09 of 3rd period - Slapshot by Mark Eaton.
15:09 of 3rd period - Deflect By Matt Moulson.
15:09 of 3rd period - Stopped by Pekka Rinne without a rebound.
15:10 of 3rd period - Glen Metropolit wins face-off versus Marcel Goc in Flames zone.
15:43 of 3rd period - Snap shot by Alexander Semin.
15:43 of 3rd period - Shot Blocked by Mike Green.
15:45 of 3rd period - Slapshot by Tomas Kaberle.
15:45 of 3rd period - Shot Blocked by Chris Drury.
15:47 of 3rd period - Slapshot by Tomas Kaberle.
15:47 of 3rd period - Stopped by Martin Brodeur without a rebound.
15:48 of 3rd period - Daniel Briere wins face-off versus Eric Staal in Wild zone.
15:53 of 3rd period - Snap shot by Eric Staal.
15:53 of 3rd period - Shot Blocked by Mike Green.
15:55 of 3rd period - Slapshot by Steve Eminger.
15:55 of 3rd period - Stopped by Martin Brodeur with a rebound.
15:57 of 3rd period - Backhand shot by Steve Eminger.
15:57 of 3rd period - Stopped by Martin Brodeur with a rebound.
15:59 of 3rd period - Slapshot by Steve Eminger.
15:59 of 3rd period - Shot Misses the Net.
16:01 of 3rd period - Slapshot by Filip Kuba.
16:01 of 3rd period - Stopped by Martin Brodeur with a rebound.
16:03 of 3rd period - Snap shot by Eric Staal.
16:03 of 3rd period - Shot Blocked by Mike Green.
16:31 of 3rd period - Slapshot by Eric Staal.
16:31 of 3rd period - Stopped by Martin Brodeur with a rebound.
16:33 of 3rd period - Slapshot by David Backes.
16:33 of 3rd period - Stopped by Martin Brodeur with a rebound.
16:35 of 3rd period - Snap shot by David Backes.
16:35 of 3rd period - Deflect By Alexander Semin.
16:35 of 3rd period - Shot Misses the Net.
16:35 of 3rd period - Puck is out of play.
16:36 of 3rd period - Glen Metropolit wins face-off versus Marcel Goc in Wild zone.
16:38 of 3rd period - Minor Penalty to Glen Metropolit for Tripping.
16:39 of 3rd period - Chris Drury wins face-off versus Michal Handzus in Wild zone.
16:49 of 3rd period - Mark Eaton is hit by Milan Hejduk.
17:15 of 3rd period - Wrist shot by David Backes.
17:15 of 3rd period - Shot Blocked by Greg Zanon.
18:38 of 3rd period - Penalty to Glen Metropolit is over, Glen Metropolit is back on ice.
19:11 of 3rd period - Icing by Marcel Goc.
19:12 of 3rd period - Marcel Goc wins face-off versus R.J. Umberger in Flames zone.
19:44 of 3rd period - Icing by Daniel Briere.
19:45 of 3rd period - Michal Handzus wins face-off versus Daniel Briere in Wild zone.
Goals for this period are 1 for Flames vs 2 for Wild.
Shots for this period are 15 for Flames vs 14 for Wild.
Output by the SimonT Hockey Simulator (STHS) for François Prévost -- Original Page W3C XHTML 1.0 Valid